 Dungeon Crawl Stone Soup version 0.19.5 (webtiles) character file.

86 vierth the Shield-Bearer (level 4, -2/35 HPs)
             Began as a Human Fighter on Apr 22, 2017.
             Killed from afar by an orc wizard (4 damage)
             ... with a magic dart
             ... on level 3 of the Dungeon.
             The game lasted 00:19:27 (3102 turns).

vierth the Shield-Bearer (Human Fighter)            Turns: 3102, Time: 00:19:27

Health: -2/35      AC:  8    Str: 21    XL:     4   Next: 77%
Magic:  4/4        EV:  8    Int: 11    God:
Gold:   108        SH:  9    Dex: 12    Spells: 0 memorised, 3 levels left

rFire  . . .     SeeInvis .     h - +0 falchion
rCold  . . .     Gourm    .     t - +0 scale mail
rNeg   . . .     Faith    .     c - +0 shield
rPois  .         Spirit   .     (no helmet)
rElec  .         Reflect  .     (no cloak)
rCorr  .         Harm     .     s - +0 pair of gloves {Str+3}
MR     .....                    (no boots)
Stlth  ..........               (no amulet)
                                (no ring)
                                w - +3 ring of intelligence

@: no status effects
A: no striking features
a: no special abilities


You were on level 3 of the Dungeon.
You were not hungry.

You visited 1 branch of the dungeon, and saw 3 of its levels.

You collected 108 gold pieces.

Inventory:

Hand Weapons
 a - a +0 rapier {vierth}
 g - a +0 hand axe
 h - a +0 falchion (weapon)
 o - a +0 dagger
 x - a +1 dagger of electrocution
 y - a +0 club
Missiles
 j - a throwing net
 k - 39 poisoned needles
 p - 143 stones (quivered)
 q - 21 arrows
Armour
 c - a +0 shield (worn)
 e - a +2 pair of gloves of archery
 s - a +0 pair of gloves of strength (worn)
 t - a +0 scale mail (worn)
Jewellery
 l - an uncursed amulet of faith
 w - a +3 ring of intelligence (left hand)
Scrolls
 f - 2 scrolls of amnesia
Potions
 b - a potion of magic {unknown}
 d - 2 potions of might
 i - a potion of brilliance {unknown}
 m - 3 potions of agility {unknown}
 n - a potion of heal wounds {unknown}
 u - a potion of mutation {unknown}
 v - 2 potions of haste {unknown}
 z - 3 potions of degeneration {unknown}
Comestibles
 r - 2 bread rations


   Skills:
 + Level 3.4 Fighting
 + Level 2.2 Short Blades
 + Level 0.2(1.3) Long Blades
   Level 0.8 Polearms
 + Level 0.2 Throwing
 + Level 3.3 Armour
 + Level 1.4 Dodging
 + Level 3.8 Shields


You had 3 spell levels left.
You didn't know any spells.

Dungeon Overview and Level Annotations

Branches:
Dungeon (3/15)

Altars:

Annotations:
D:3 Grinder


Message History

You feel less confused.
Grinder blinks!
Something hits you.
* * * LOW HITPOINT WARNING * * *
Something completely misses you.
You closely miss something. Something hits you but does no damage.
You closely miss something.
You hear some strange, mumbled words.
A puff of flame appears from out of thin air!
The puff of flame hits you!
* * * LOW HITPOINT WARNING * * *
You slash something! Something hits you but does no damage.
You hit something.
You hear some strange, mumbled words.
A puff of flame appears from out of thin air!
The puff of flame hits you!
* * * LOW HITPOINT WARNING * * *
Something hits you but does no damage.
A magic dart appears from out of thin air!
The magic dart hits you!
You die...

#.### # #.#..
#.#####.#.# ........#.#
........#.######
.......(#.#.)oo#
........#.#.##.#
.......o..†.##.#
......o#....##@####.# #
.......#....#.....#.#.#
.......#....#..##.#.#.#
#+####................#
#............8...#
#...........8.8..# #
#..........8._.8.#.#
#...........8.8....#
#............8.....#


You could see 2 orcs.

Vanquished Creatures
  2 adders (D:2)
  3 worms
  3 dart slugs
  4 leopard geckos
  An orc (D:3)
  9 bats
  2 giant cockroaches (D:1)
  3 goblins
  4 hobgoblins
  6 jackals
  3 kobolds (D:1)
  2 frilled lizards
  5 rats
47 creatures vanquished.

Notes
Turn   | Place    | Note
-------+----------+-------------------------------------------
     0 | D:1      | vierth the Human Fighter began the quest for the Orb.
     0 | D:1      | Reached XP level 1. HP: 18/18 MP: 1/1
    99 | D:1      | Reached XP level 2. HP: 18/24 MP: 2/2
   701 | D:1      | Reached XP level 3. HP: 29/29 MP: 3/3
  2032 | D:2      | Reached XP level 4. HP: 35/35 MP: 4/4
  2202 | D:2      | Reached skill level 1 in Dodging
  3002 | D:3      | Found a faded altar of an unknown god.
  3027 | D:3      | Noticed Grinder
  3035 | D:3      | Paralysed by Grinder for 4 turns
  3042 | D:3      | Paralysed by Grinder for 4 turns
  3098 | D:3      | HP: 1/35 [something/puff of flame (1)]
  3102 | D:3      | Killed from afar by an orc wizard

Skill      XL: |  1  2  3  4 |
---------------+-------------+-----
Dodging        | 1 |  1.4
Fighting       | |  3.4
Short Blades   | |  2.2
Long Blades    | |  0.2
Polearms       | |  0.8
Throwing       | |  0.2
Armour         | |  3.3
Shields        | |  3.8

Action                   |  1- 3 |  4- 6 || total
-------------------------+-------+-------++-------
Melee: Rapier            |    22 |       ||    22
       Spear             |   128 |       ||   128
       Dagger            |     5 |    51 ||    56
       Falchion          |       |    50 ||    50
Throw: Stone             |     5 |       ||     5
  Use: Scroll            |     8 |       ||     8
  Eat: Bread ration      |     1 |       ||     1
       Meat ration       |       |     1 ||     1
       Pizza             |       |     1 ||     1
Armor: Scale mail        |   113 |    67 ||   180
       Leather armour    |    11 |       ||    11
Dodge: Dodged            |    89 |    39 ||   128
Block: Shield            |   101 |    46 ||   147
       Rpst.: Falchion   |       |     3 ||     3
